 Dungeon Crawl Stone Soup version 0.30-a0-390-g80c34de65d (webtiles) character file.

Game seed: 11095313398480243415

36 purpskrrrp the Sneak (level 3, -3/14 HPs)
             Began as a Felid Venom Mage on Dec 4, 2022.
             Killed from afar by a white imp (9 damage)
             ... with a puff of frost
             ... summoned by Natasha
             ... on level 2 of the Dungeon.
             The game lasted 00:02:35 (984 turns).

purpskrrrp the Sneak (Felid Venom Mage)              Turns: 984, Time: 00:02:35

Health: -3/14      AC:  1    Str:  4    XL:     3   Next: 19%
Magic:  3/7        EV: 18    Int: 18    God:
Gold:   105        SH:  0    Dex: 16    Spells: 3/6 levels left
                                        Lives:  0   Deaths: 0

rFire   . . .      SeeInvis +    (weapon unavailable)
rCold   . . .      Faith    .    (shield unavailable)
rNeg    . . .      Spirit   .    (body armour unavailable)
rPois   .          Reflect  .    (helmet unavailable)
rElec   .          Harm     .    (cloak unavailable)
rCorr   +          Rampage  .    (gloves unavailable)
Will    .....                    (boots unavailable)
Stlth   ++........               (no amulet)
HPRegen 0.22/turn                f - ring of resist corrosion
MPRegen 0.10/turn                (no ring)

@: very slightly contaminated, slowed, slow
A: very small, claws 1, fangs 3, see invisible, speed 1, shaggy fur 1, stealthy
paws, no weapons or thrown items, no armour, multi-lived
a: no special abilities


You were on level 2 of the Dungeon.
You visited 1 branch of the dungeon, and saw 2 of its levels.

You collected 105 gold pieces.

Inventory:

Jewellery
 f - a ring of resist corrosion (left paw)
Scrolls
 c - a scroll of teleportation
Potions
 a - a potion of magic


   Skills:
 + Level 3.3 Dodging
 + Level 3.3 Stealth
 + Level 2.3 Spellcasting
 + Level 1.7 Transmutations
 + Level 3.0 Poison Magic


You had 3 spell levels left.
You knew the following spells:

 Your Spells              Type           Power      Damage    Failure   Level
a - Sting                 Tmut/Pois      40%        1d5       7%          1
b - Poisonous Vapours     Pois/Air       14%        N/A       14%         2

Your spell library contained the following spells:

 Spells                   Type           Power      Damage    Failure   Level
 Mephitic Cloud           Conj/Pois/Air  5%         N/A       34%         3
 Olgreb's Toxic Radiance  Pois           12%        N/A       45%         4


Dungeon Overview and Level Annotations

Branches:
Dungeon (2/15)

Altars:
Uskayaw

Annotations:
D:2 Natasha


Innate Abilities, Weirdness & Mutations

You have sharp claws.
You have razor-sharp teeth.
You have supernaturally acute eyesight. (SInv)
You cover ground quickly. (Speed+)
You are covered in fur. (AC +1)
Your paws help you pounce on unaware monsters.
You are incapable of wielding weapons or throwing items.
You cannot wear armour.
You gain extra lives every three experience levels.


Message History

The sting misses Natasha.
Natasha casts a spell at you. The magic dart hits you.
Natasha casts a spell at you. The magic dart hits you.
You are too injured to fight recklessly!
You are too injured to fight recklessly!
You are too injured to fight recklessly!
You are too injured to fight recklessly!
You are too injured to fight recklessly!
You are too injured to fight recklessly!
You are too injured to fight recklessly!
You are too injured to fight recklessly!
You are too injured to fight recklessly!
You are too injured to fight recklessly!
You are too injured to fight recklessly!
You are too injured to fight recklessly!
You are too injured to fight recklessly!
You are too injured to fight recklessly!
You are too injured to fight recklessly!
You are too injured to fight recklessly!
You are too injured to fight recklessly!
You are too injured to fight recklessly!
You are too injured to fight recklessly!
You are too injured to fight recklessly!
You are too injured to fight recklessly!
You are too injured to fight recklessly!
You are too injured to fight recklessly!
Aiming: Sting (safe; 7% risk of failure)
Press: ? - help, Q - select action, (/) - cycle Shift-Dir - straight line, f/p - Natasha
Aim: Natasha (severely wounded, very poisoned, 64% to hit)
You miscast Sting.
You are very lightly contaminated with residual magic.
Nothing appears to happen.
Natasha mumbles some strange words.
Natasha drinks a potion.
Natasha is healed!
The crimson imp blinks!
Natasha casts a spell.
The white imp gestures at you. The puff of frost hits you!
Ouch! That really hurt!
You die...

#.# #.# #.## .h.# #..#
#.5# #5.## .# #.5.# ..#
#@#.# #.# #...# #.#
##.#####.# #.#
#.......# #.#
#######.##########.#
...................####
#######..[.............
############.#### #.#


You could see Natasha (poisoned), 2 crimson imps and a white imp (summoned).

Vanquished Creatures
  2 adders (D:2)
  A dart slug (D:1)
  2 bats
  3 goblins
  A hobgoblin (D:1)
  A kobold (D:1)
  3 ball pythons
  A frilled lizard (D:1)
  3 rats (D:2)
17 creatures vanquished.

Vanquished Creatures (others)
  2 fungi (D:2)
2 creatures vanquished.

Grand Total: 19 creatures vanquished

Notes
Turn   | Place    | Note
-------+----------+-------------------------------------------
     0 | D:1      | purpskrrrp the Felid Venom Mage began the quest for the
                  | Orb.
     0 | D:1      | Reached XP level 1. HP: 7/7 MP: 4/4
   235 | D:1      | Found a faded altar of an unknown god.
   369 | D:1      | Reached XP level 2. HP: 11/11 MP: 3/6
   726 | D:2      | Learned a level 2 spell: Poisonous Vapours
   815 | D:2      | Found a hide-covered altar of Uskayaw.
   820 | D:2      | Reached XP level 3. HP: 10/14 MP: 3/7
   974 | D:2      | Noticed Natasha
   984 | D:2      | Killed from afar by a white imp

Illustrated notes

Levels and vault maps discovered:
D:1:      minmay_arrival_stone_box, layout_loops_ring,
          shapermc_ecumenical_altar_ellora
D:2:      layout_loops_ring, basic_altar, nicolae_titane, uniq_natasha,
          uniq_crazy_yiuf_cottage

Skill      XL: |  1  2 |
---------------+-------+-----
Dodging        | 3 |  3.3
Stealth        | 3 |  3.3
Poison Magic   | 3 |  3.0
Spellcasting   | |  2.3
Transmutations | |  1.7

Action                   || total
-------------------------++-------
Melee: Unarmed           ||     8
       Bite              ||     1
 Cast: Sting             ||    31
  Use: Scroll            ||     5
       Potion            ||     1
Dodge: Dodged            ||    14

Table legend: (Time is in decaauts)
 A = Elapsed time spent in this place.
 B = Non-inter-level travel time spent in this place.
 C = Inter-level travel time spent in this place.
 D = Time resting spent in this place.
 E = Time spent auto-exploring this place.
 F = Levels seen in this place.
 G = Mean time per level.
                   A        B        C        D        E       F      G
               +--------+--------+--------+--------+--------+-----+--------+
         Total |    854 |    848 |      6 |     51 |    663 |   2 |  427.0 |
       Dungeon |    854 |    848 |      6 |     51 |    663 |   2 |  427.0 |
               +--------+--------+--------+--------+--------+-----+--------+

Top non-repeatable levels by time:
     D:1: 576 daAuts
     D:2: 278 daAuts
